 Zot Defence DCSS version 0.15.2 (webtiles) character file.

85 Groucho the Covered (level 4, -1/42 HPs)
             Began as a Deep Dwarf Fighter on July 30, 2019.
             Slain by Dybban the yak (6 damage)
             ... in the Realm of Zot (Scenario I: Hall of Zot).
             The game lasted 00:02:52 (347 turns).

Groucho the Covered (Deep Dwarf Fighter)             Turns: 347, Time: 00:02:52

HP  -1/42        AC  7     Str 19      XL: 4   Next: 25%
MP   4/4         EV  6     Int  9      God:
Gold 0           SH  9     Dex 13      Spells:  0 memorised,  3 levels left

rFire  . . .     SeeInvis .     a - +0 war axe
rCold  . . .     Clarity  .     b - +0 scale mail
rNeg   . . .     rCorr    .     c - +0 shield
rPois  .         rRot     .     (no helmet)
rElec  .         Spirit   .     (no cloak)
SustAb .         Warding  .     (no gloves)
rMut   .         Stasis   .     (no boots)
Gourm  .                        (no amulet)
MR     .....                    (no ring)
                                (no ring)

@: non-regenerating, not resistant to hostile enchantments, extremely unstealthy
A: damage resistance, recharge devices, sense surroundings 1, slow healing 3
a: Make oklob sapling, Make arrow trap, Make plant, Remove Curse, Device
Recharging


You were in the Realm of Zot.
You were not hungry.

You visited 1 branch

Inventory:

Hand weapons
 a - a +0 war axe (weapon)
Armour
 b - a +0 scale mail (worn)
 c - a +0 shield (worn)
Magical devices
 d - a wand of heal wounds (5)
Comestibles
 g - a bread ration
Scrolls
 l - a scroll of blinking
Potions
 e - a potion of might
 f - 3 potions of curing
 h - a potion of heal wounds
 i - a potion of haste
 j - 2 potions of magic
 k - a potion of berserk rage


   Skills:
 + Level 3.3 Fighting
 + Level 2.9 Axes
 + Level 4.1 Armour
 + Level 3.8 Shields


You had 3 spell levels left.
You didn't know any spells.

Dungeon Overview and Level Annotations

Branches:
    Zot (1/1)

Altars:


Innate Abilities, Weirdness & Mutations

You are resistant to damage.
You can recharge devices by infusing magical energy.
You passively map a small area around you.
You do not heal naturally.


Message History

You block Dybban's attack.
Your shield and scale mail prevent you from hitting the worm.
The worm is almost dead.
You hit Dybban.
Dybban is moderately wounded.
Dybban gores you!
* * * LOW HITPOINT WARNING * * *
You block the worm's attack.
Unknown command.
You hit the ooze.
The ooze is moderately wounded.
You barely miss the worm.
The worm is almost dead.
You hit Dybban.
Dybban is moderately wounded.
Dybban completely misses you.
The ooze jiggles.
The ooze closely misses you. The worm bites you but does no damage.
Dybban gores you!
You die...

######### ######### ....####
####.... .......### ###.......
.........## ##.........
..........# ▓▓▓▓▓▓▓▓▓ #..........
..........▓▓▓.......▓▓▓..........
..........▓▓.........▓▓..........
..........▓....%w.....▓..........
..........^.)..Y@J...%^..........
..........▓...........▓..........
..........▓▓.........▓▓..........
..........▓▓▓.......▓▓▓..........
..........▓ ▓▓▓▓▓▓▓▓▓ ▓..........
.........▓▓ ▓▓.........
.......▓▓▓ ▓▓▓....... ....▓▓▓▓
▓▓▓▓.... ▓▓▓▓▓▓▓▓ ▓▓▓▓▓▓▓▓


You could see Dybban the yak, a worm and an ooze.

Vanquished Creatures
  A worker ant (Zot)
  An ooze (Zot)
  A ball python (Zot)
  3 goblins (Zot)
  4 bats (Zot)
  2 giant cockroaches (Zot)
  4 giant newts (Zot)
  2 kobolds (Zot)
18 creatures vanquished.

Vanquished Creatures (collateral kills)
  2 bats (Zot)
  A goblin (Zot)
  A ball python (Zot)
  3 giant newts (Zot)
  A rat (Zot)
8 creatures vanquished.

Vanquished Creatures (others)
  An oklob sapling (Zot)
1 creature vanquished.

Grand Total: 27 creatures vanquished

Notes
Turn   | Place    | Note
--------------------------------------------------------------
     0 | Zot      | Groucho, the Deep Dwarf Fighter, began the quest for the Orb.
     0 | Zot      | Reached XP level 1. HP: 20/20 MP: 1/1
   200 | Zot      | Reached XP level 2. HP: 27/27 MP: 2/2
   230 | Zot      | Noticed Jueveilo
   240 | Zot      | Killed Jueveilo the worker ant
   240 | Zot      | Reached skill level 4 in Armour
   240 | Zot      | Reached XP level 3. HP: 27/34 MP: 3/3
   316 | Zot      | Reached XP level 4. HP: 33/42 MP: 4/4
   336 | Zot      | Noticed Dybban
   347 | Zot      | Slain by Dybban the yak

Action                   |  1- 3 |  4- 6 || total
-------------------------+-------+-------++-------
Melee: War axe           |    21 |    22 ||    43
 Abil: Make oklob saplin |     1 |       ||     1
       Make arrow trap   |     2 |       ||     2
 Stab: Distracted        |     1 |       ||     1
